 Dungeon Crawl Stone Soup version 0.21.0-24-g2553a33 (webtiles) character file.

86220 mopl the Scorcher (level 15, -10/84 HPs)
             Began as a Deep Elf Fire Elementalist on Jan 20, 2018.
             Was an Elder of Vehumet.
             Engulfed by a cloud of flame (25 damage)
             ... on level 2 of the Orcish Mines on Jan 21, 2018.
             The game lasted 01:21:43 (26982 turns).

mopl the Scorcher (Deep Elf Fire Elementalist)     Turns: 26982, Time: 01:21:44

Health: -10/84     AC: 11    Str:  8    XL:     15   Next: 40%
Magic:  11/35      EV: 18    Int: 27    God:    Vehumet [****..]
Gold:   2130       SH:  5    Dex: 15    Spells: 7/42 levels left

rFire    . . .     SeeInvis .   a - staff of wizardry {!a}
rCold    . . .     Gourm    .   O - +0 buckler
rNeg     . . .     Faith    .   y - +0 robe {MR+}
rPois    .         Spirit   .   o - +0 helmet
rElec    .         Reflect  .   (no cloak)
rCorr    .         Harm     .   V - +0 pair of gloves {Str+3}
MR       +++..                  D - +0 pair of boots
Stlth    ++........             r - amulet of regeneration
HPRegen  0.64/turn              M - +6 ring of protection {=R}
MPRegen  0.24/turn              L - ring of protection from magic

@: no status effects
A: no striking features
a: Renounce Religion


You were on level 2 of the Orcish Mines.
You worshipped Vehumet.
Vehumet was greatly pleased with you.
You were not hungry.

You visited 4 branches of the dungeon, and saw 22 of its levels.

You collected 2361 gold pieces.
You spent 231 gold pieces at shops.

Inventory:

Hand Weapons
 b - a +2 short sword of electrocution
Missiles
 C - 5 throwing nets (quivered)
Armour
 o - a +0 helmet (worn)
 u - a +0 troll leather armour
 y - a +0 robe of magic resistance (worn)
 D - a +0 pair of boots (worn)
 O - a +0 buckler (worn)
 T - a +0 robe of positive energy
 V - a +0 pair of gloves of strength (worn)
 Y - a +2 robe of cold resistance
Magical Staves
 a - an uncursed staff of wizardry (weapon) {!a}
Jewellery
 q - an uncursed ring of positive energy
 r - an amulet of regeneration (around neck)
 s - an uncursed ring of ice
 G - an uncursed ring of protection from fire
 L - a ring of protection from magic (right hand)
 M - a +6 ring of protection (left hand) {=R}
Wands
 n - a wand of paralysis (37)
 E - a wand of enslavement (5)
 H - a wand of iceblast (9)
 J - a wand of clouds (5)
 K - a wand of disintegration (15)
 X - a wand of acid (3)
Scrolls
 h - 6 scrolls of magic mapping
 j - 7 scrolls of immolation
 l - 9 scrolls of remove curse
 v - 7 scrolls of teleportation
 x - a scroll of fear
 U - 4 scrolls of fog
Potions
 d - 3 potions of flight
 e - 9 potions of heal wounds
 g - a potion of cancellation
 i - 3 potions of lignification {!q}
 k - 3 potions of resistance
 p - 5 potions of haste
 A - 2 potions of curing
 S - 5 potions of might
 W - 2 potions of brilliance
Miscellaneous
 f - a crystal ball of energy
 m - a lamp of fire (inert)
 w - a box of beasts
Comestibles
 c - 43 rations


   Skills:
 + Level 6.2 Fighting
 + Level 9.5 Dodging
 - Level 2.4 Stealth
 - Level 4.0 Shields
 + Level 14.1 Spellcasting
 + Level 15.3 Conjurations
 - Level 4.0 Hexes
 - Level 4.0 Translocations
 + Level 15.5 Fire Magic
 + Level 8.2 Earth Magic
 + Level 5.1 Evocations


You had 7 spell levels left.
You knew the following spells:

 Your Spells              Type           Power        Failure   Level  Hunger
a - Bolt of Magma         Conj/Fire/Erth ######....   1%          5    #......
b - Mephitic Cloud        Conj/Pois/Air  #####...     1%          3    None
c - Conjure Flame         Conj/Fire      #######.     0%          3    None
d - Sticky Flame          Conj/Fire      #######.     1%          4    None
e - Blink                 Tloc           N/A          1%          2    None
f - Fireball              Conj/Fire      #######...   1%          5    #......
g - Flame Tongue          Conj/Fire      #####        0%          1    None
h - Inner Flame           Hex/Fire       ######..     1%          3    None
i - Ignite Poison         Fire/Tmut/Pois #####...     1%          3    None
j - Throw Flame           Conj/Fire      ######       0%          2    None
k - Apportation           Tloc           #####.       1%          1    None
l - Stone Arrow           Conj/Erth      ######       1%          3    None


Dungeon Overview and Level Annotations

Branches:
Dungeon (13/15)            Temple (1/1) D:5            Lair (6/6) D:10
 Shoals (0/4) Lair:4       Spider (0/4) Lair:4        Slime (0/5) Lair:6
    Orc (2/2) D:11            Elf (0/3) Orc:2
 Vaults: D:13-14

Altars:
Ashenzari
Cheibriados
Dithmenos
Elyvilon
Fedhas
Gozag
Hepliaklqana
Kikubaaqudgha
Makhleb
Nemelex Xobeh
Okawaru
Qazlal
Ru
Sif Muna
Trog
Uskayaw
Vehumet
Wu Jian
Xom
Yredelemnul
Zin
The Shining One
Beogh

Shops:
D:7 ?   D:12 [   Orc:2 (*


Message History

Casting: Fireball
Confirm with . or Enter, or press ? or * to list all spells.
You blink.
Casting: Blink
Confirm with . or Enter, or press ? or * to list all spells.
Aiming: Bolt of Magma
Press: ? - help, Shift-Dir - straight line, f - two-headed ogre
Aim: a two-headed ogre, wielding two giant clubs (inner flame)
The bolt of magma hits the two-headed ogre.
The two-headed ogre explodes!
The fiery explosion engulfs you!
* * * LOW HITPOINT WARNING * * *
The fiery explosion engulfs the two-headed ogre.
The two-headed ogre is severely wounded.
Vehumet accepts your kill.
You feel your power returning.
The bolt of magma hits the two-headed ogre.
The two-headed ogre is almost dead.
You are engulfed in blazing flames.
You die... ...... ... ##............# OOO

......
###..........#.O..
......
#........O.).O)OO
......
#........O...OOO{
......
##......O....#.O.O
......
#....§OO.$$..# .
......
##...§O.O.....#
#.....
##%...§§§......#
......
#.....@§§......#
......
.....#..%...#...#
......
.#..............#
...
..........##.%.#
.. #.##....###
#... # ##.### ##


You could see 5 two-headed ogres and 2 ogre magi.

Vanquished Creatures
  Kirke (Lair:6)
  The ghost of jernau the Protected, a journeyman HOFi of Trog (Orc:2)
  A dire elephant (Lair:6)
  2 minotaurs (D:11)
  Fannar (D:10)
  9 hydras
  Harold (Lair:2)
  2 catoblepae (Lair:6)
  7 two-headed ogres
  10 death yaks
  Sonja (D:12)
  Nergalle (D:10)
  An unseen horror (D:11)
  A lindwurm (Lair:6)
  A necromancer (Lair:2)
  2 ugly things
  A cyclops (D:11)
  4 manticores
  12 elephants
  An oklob plant (Lair:1)
  5 black mambas
  A torpor snail (Lair:6)
  Joseph (D:10)
  The ghost of tidbits the Magician, a novice GnWn (D:7)
  5 gargoyles (D:9)
  5 komodo dragons
  8 spiny frogs
  10 rime drakes
  A kobold demonologist (D:13)
  9 yaktaurs (D:11)
  3 merfolk (Lair:4)
  A jumping spider (Lair:4)
  4 trolls
  14 slime creatures
  10 blink frogs
  2 dream sheep (Lair:6)
  14 hippogriffs
  3 shadows
  Sigmund (D:6)
  A spriggan (D:8)
  The ghost of Daviar the Conjurer, an amateur TeCj (D:4)
  14 wyverns
  A vampire (D:9)
  63 yaks
  3 hogs (Lair:6)
  2 wraiths (D:13)
  5 vampire mosquitoes (D:13)
  8 basilisks
  3 hungry ghosts
  3 wargs
  20 water moccasins
  An acid dragon (D:12)
  A hell hound (Lair:5)
  11 porcupines
  6 sky beasts
  10 orc warriors
  3 phantoms
  8 ogres
  16 crocodiles
  4 wolves
  16 centaurs
  A big kobold (D:9)
  11 bullfrogs
  A gnoll sergeant (D:10)
  A wyvern skeleton (D:13)
  6 scorpions
  A water moccasin skeleton (D:8)
  16 killer bees
  5 howler monkeys
  3 electric eels
  17 wights
  10 crimson imps
  2 centaur zombies
  3 bullfrog zombies
  9 jellies
  A gnoll shaman (D:7)
  8 hounds
  7 orc priests
  4 bullfrog skeletons
  4 centaur skeletons
  16 orc wizards
  3 polar bear simulacra (Lair:2)
  9 worker ants
  2 yak simulacra (Lair:2)
  3 wolf simulacra (Lair:2)
  A hound zombie (D:9)
  A hound skeleton (D:5)
  A howler monkey skeleton (D:11)
  33 gnolls
  17 adders
  3 shadow imps
  3 oozes
  2 adder skeletons
  2 worms (D:2)
  4 dart slugs
  5 leopard geckos
  46 orcs
  A ball python (D:1)
  5 giant cockroaches
  4 goblins
  6 hobgoblins
  22 jackals
  14 kobolds
  5 quokkas
  3 bats
  5 frilled lizards
  A quokka zombie (D:10)
  6 rats
  3 river rat simulacra (Lair:2)
  A butterfly (Lair:1)
  4 fungi
  3 plants
702 creatures vanquished.

Vanquished Creatures (others)
  2 gnolls
  11 fungi
  16 plants
29 creatures vanquished.

Grand Total: 731 creatures vanquished

Notes
Turn   | Place    | Note
-------+----------+-------------------------------------------
     0 | D:1      | mopl the Deep Elf Fire Elementalist began the quest for the Orb.
     0 | D:1      | Reached XP level 1. HP: 10/10 MP: 6/6
    68 | D:1      | Reached XP level 2. HP: 12/15 MP: 1/8
    72 | D:1      | Learned a level 2 spell: Throw Flame
   189 | D:1      | Reached skill level 2 in Conjurations
   316 | D:1      | Reached XP level 3. HP: 19/19 MP: 5/9
   321 | D:1      | Learned a level 3 spell: Conjure Flame
   665 | D:2      | Reached skill level 4 in Fire Magic
  1044 | D:2      | Found a white marble altar of Elyvilon.
  1075 | D:2      | Reached XP level 4. HP: 19/24 MP: 8/11
  1085 | D:2      | Learned a level 4 spell: Sticky Flame
  1563 | D:2      | Reached skill level 3 in Conjurations
  1900 | D:2      | Reached skill level 4 in Spellcasting
  1970 | D:3      | Noticed a sky beast
  2279 | D:2      | Killed a sky beast
  2279 | D:2      | Reached skill level 5 in Fire Magic
  2279 | D:2      | Reached XP level 5. HP: 28/28 MP: 5/13
  2460 | D:3      | Reached skill level 4 in Conjurations
  2928 | D:4      | Noticed Daviar's ghost (amateur TeCj)
  2988 | D:4      | Reached XP level 6. HP: 6/32 MP: 6/14
  3700 | D:4      | Reached skill level 5 in Spellcasting
  3700 | D:4      | Reached skill level 5 in Conjurations
  3700 | D:4      | Reached skill level 6 in Fire Magic
  3739 | D:4      | Reached XP level 7. HP: 36/36 MP: 10/16
  3746 | D:4      | Learned a level 5 spell: Fireball
  3991 | D:5      | Entered Level 5 of the Dungeon
  4196 | D:5      | Found a staircase to the Ecumenical Temple.
  4213 | Temple   | Entered the Ecumenical Temple
  4377 | Temple   | Became a worshipper of Vehumet
  4549 | D:5      | Reached skill level 6 in Conjurations
  4737 | D:5      | Reached skill level 6 in Spellcasting
  4737 | D:5      | Reached skill level 7 in Fire Magic
  4745 | D:5      | Learned a level 3 spell: Inner Flame
  4876 | D:5      | Reached XP level 8. HP: 41/41 MP: 19/19
  5099 | D:6      | Reached skill level 1 in Hexes
  5266 | D:6      | Reached skill level 7 in Conjurations
  5266 | D:6      | Reached skill level 2 in Hexes
  5322 | D:6      | Reached * piety under Vehumet
  5322 | D:6      | Offered knowledge of Magic Dart by Vehumet.
  5595 | D:6      | Reached skill level 8 in Fire Magic
  5620 | D:6      | Reached skill level 3 in Hexes
  5654 | D:6      | Noticed Sigmund
  5668 | D:6      | Killed Sigmund
  5668 | D:6      | Reached skill level 7 in Spellcasting
  5735 | D:6      | Learned a level 2 spell: Blink
  5756 | D:6      | You fall through a shaft for 2 floors!
  5801 | D:8      | Reached XP level 9. HP: 45/45 MP: 15/21
  5889 | D:8      | Reached skill level 8 in Conjurations
  5905 | D:8      | Reached skill level 1 in Translocations
  6185 | D:8      | Reached skill level 4 in Hexes
  6347 | D:6      | Reached skill level 9 in Fire Magic
  6366 | D:6      | Reached skill level 2 in Translocations
  6833 | D:7      | Offered knowledge of Searing Ray by Vehumet.
  6998 | D:7      | Found Ciorch's Magic Scroll Shop.
  7021 | D:7      | Reached ** piety under Vehumet
  7043 | D:7      | Bought a scroll of magic mapping for 49 gold pieces
  7043 | D:7      | Bought a scroll of teleportation for 42 gold pieces
  7043 | D:7      | Bought a scroll of amnesia for 49 gold pieces
  7043 | D:7      | Bought a scroll of identify for 28 gold pieces
  7043 | D:7      | Bought a scroll of random uselessness for 14 gold pieces
  7043 | D:7      | Bought a scroll of magic mapping for 49 gold pieces
  7133 | D:7      | Noticed tidbits's ghost (novice GnWn)
  7142 | D:7      | Killed tidbits's ghost
  7142 | D:7      | Reached skill level 8 in Spellcasting
  7142 | D:7      | Reached skill level 9 in Conjurations
  7142 | D:7      | Reached skill level 3 in Translocations
  7377 | D:7      | Found a hazy altar of Hepliaklqana.
  7787 | D:7      | Reached skill level 10 in Fire Magic
  8040 | D:8      | Reached XP level 10. HP: 50/50 MP: 21/24
  8061 | D:8      | Noticed a two-headed ogre
  8070 | D:8      | Killed a two-headed ogre
  8164 | D:8      | Reached skill level 10 in Conjurations
  8427 | D:8      | Reached skill level 9 in Spellcasting
  8696 | D:9      | Found a hazy altar of Hepliaklqana.
  8696 | D:9      | Found a hide-covered altar of Uskayaw.
  8715 | D:9      | Offered knowledge of Stone Arrow by Vehumet.
  8731 | D:9      | Learned a level 3 spell: Stone Arrow
  8736 | D:9      | Noticed a gargoyle
  8741 | D:9      | Found a basalt altar of Yredelemnul.
  9090 | D:9      | Lost strength.
  9100 | D:9      | Killed a gargoyle
  9100 | D:9      | Reached skill level 1 in Shields
  9100 | D:9      | Reached skill level 11 in Fire Magic
  9100 | D:9      | Reached skill level 1 in Earth Magic
  9168 | D:9      | Reached *** piety under Vehumet
  9435 | D:9      | Noticed a gargoyle
  9441 | D:9      | Noticed a gargoyle
  9441 | D:9      | Noticed a gargoyle
  9441 | D:9      | Noticed a gargoyle
  9441 | D:9      | Killed a gargoyle
  9443 | D:9      | Killed a gargoyle
  9450 | D:9      | Killed a gargoyle
  9450 | D:9      | Reached skill level 2 in Earth Magic
  9457 | D:9      | Killed a gargoyle
  9457 | D:9      | Reached skill level 11 in Conjurations
  9673 | D:10     | Entered Level 10 of the Dungeon
  9673 | D:10     | Noticed Joseph
  9675 | D:10     | Killed Joseph
  9675 | D:10     | Reached skill level 2 in Shields
  9675 | D:10     | Reached XP level 11. HP: 54/54 MP: 15/26
  9694 | D:10     | Noticed a two-headed ogre
  9755 | D:10     | Offered knowledge of Ignite Poison by Vehumet.
  9767 | D:9      | Learned a level 3 spell: Ignite Poison
  9771 | D:9      | Learned a level 3 spell: Mephitic Cloud
 10065 | D:10     | Reached skill level 10 in Spellcasting
 10090 | D:10     | Noticed Nergalle
 10094 | D:10     | Noticed Fannar
 10095 | D:10     | Killed Nergalle
 10095 | D:10     | Reached skill level 3 in Earth Magic
 10097 | D:10     | Reached **** piety under Vehumet
 10098 | D:10     | Killed Fannar
 10114 | D:10     | Offered knowledge of Throw Icicle by Vehumet.
 10114 | D:10     | Reached skill level 12 in Fire Magic
 10151 | D:10     | Found a staircase to the Lair.
 10173 | Lair:1   | Entered Level 1 of the Lair of Beasts
 10203 | Lair:1   | Learned a level 1 spell: Apportation
 10220 | D:10     | Reached skill level 3 in Shields
 10321 | D:10     | Killed a two-headed ogre
 10321 | D:10     | Reached skill level 4 in Earth Magic
 10930 | D:4      | Killed Daviar's ghost
 11302 | Lair:1   | Reached skill level 12 in Conjurations
 11650 | Lair:1   | Reached ***** piety under Vehumet
 11679 | Lair:1   | Offered knowledge of Iskenderun's Battlesphere by Vehumet.
 11679 | Lair:1   | Reached XP level 12. HP: 30/59 MP: 2/28
 11927 | Lair:1   | Reached skill level 11 in Spellcasting
 12248 | Lair:1   | Reached skill level 5 in Earth Magic
 12401 | Lair:2   | Noticed Harold
 12406 | Lair:2   | Killed Harold
 12406 | Lair:2   | Reached skill level 4 in Shields
 12637 | Lair:2   | Reached skill level 13 in Fire Magic
 12637 | Lair:2   | Reached skill level 1 in Evocations
 12870 | Lair:2   | Reached skill level 3 in Dodging
 13128 | Lair:2   | Reached skill level 1 in Fighting
 13305 | Lair:3   | Found a blossoming altar of Fedhas.
 13332 | Lair:3   | Reached skill level 2 in Evocations
 13538 | Lair:3   | Reached skill level 4 in Translocations
 13699 | Lair:3   | Noticed a seven-headed hydra
 13702 | Lair:3   | Killed a seven-headed hydra
 13702 | Lair:3   | Reached skill level 13 in Conjurations
 13948 | Lair:3   | Reached skill level 4 in Dodging
 14057 | Lair:4   | Reached skill level 2 in Fighting
 14072 | Lair:3   | Reached skill level 3 in Evocations
 14432 | Lair:4   | Noticed a five-headed hydra
 14543 | Lair:3   | Noticed an eight-headed hydra
 14554 | Lair:3   | Killed an eight-headed hydra
 14774 | Lair:4   | Offered knowledge of Fulminant Prism by Vehumet.
 14813 | Lair:4   | Reached XP level 13. HP: 68/68 MP: 7/30
 15398 | Lair:4   | Found a hole to the Spider Nest.
 15532 | Lair:4   | Found a staircase to the Shoals.
 15537 | Lair:4   | Reached skill level 5 in Dodging
 16039 | Lair:5   | Reached skill level 4 in Evocations
 16050 | Lair:5   | Reached skill level 12 in Spellcasting
 16118 | Lair:5   | Reached skill level 14 in Fire Magic
 16136 | Lair:5   | Reached skill level 3 in Fighting
 16984 | Lair:5   | Reached skill level 14 in Conjurations
 17128 | Lair:5   | Reached skill level 6 in Dodging
 17469 | Lair:6   | Entered Level 6 of the Lair of Beasts
 17493 | Lair:6   | Reached skill level 5 in Evocations
 18014 | Lair:6   | Offered knowledge of Bolt of Magma by Vehumet.
 18033 | Lair:6   | Learned a level 5 spell: Bolt of Magma
 18235 | Lair:6   | Found a staircase to the Slime Pits.
 18510 | Lair:6   | Reached skill level 4 in Fighting
 18520 | Lair:6   | Noticed Kirke
 18537 | Lair:6   | Reached XP level 14. HP: 71/76 MP: 15/32
 18539 | Lair:6   | Killed Kirke
 18742 | Lair:6   | Reached skill level 7 in Dodging
 19179 | Lair:6   | HP: 2/76 [catoblepas/blast of calcifying dust (11)]
 19436 | Lair:6   | Reached skill level 13 in Spellcasting
 19440 | Lair:6   | Reached skill level 6 in Earth Magic
 20813 | D:11     | Found a staircase to the Orcish Mines.
 20852 | D:11     | Reached skill level 15 in Fire Magic
 21113 | D:11     | Reached skill level 5 in Fighting
 21188 | D:11     | Reached skill level 8 in Dodging
 21407 | D:11     | Offered knowledge of Bolt of Fire by Vehumet.
 21915 | D:11     | Reached skill level 7 in Earth Magic
 22858 | D:10     | Reached skill level 15 in Conjurations
 23562 | D:12     | Offered knowledge of Ozocubu's Refrigeration by Vehumet.
 23752 | D:12     | Reached XP level 15. HP: 84/84 MP: 18/34
 23839 | D:12     | Found Saptetag's Antique Armour Shoppe.
 24110 | D:12     | Reached skill level 9 in Dodging
 24308 | D:12     | Noticed Sonja
 24310 | D:12     | Killed Sonja
 25004 | D:13     | Reached skill level 6 in Fighting
 25223 | D:13     | Reached skill level 14 in Spellcasting
 25248 | D:13     | Reached skill level 8 in Earth Magic
 25543 | Orc:1    | Entered Level 1 of the Orcish Mines
 25734 | Orc:1    | Found an iron altar of Okawaru.
 25810 | Orc:2    | Entered Level 2 of the Orcish Mines
 25841 | Orc:2    | Noticed jernau's ghost (journeyman HOFi)
 26182 | Orc:2    | HP: 2/84 [jernau's ghost (18)]
 26442 | Orc:2    | Found a staircase to the Elven Halls.
 26546 | Orc:2    | Killed jernau's ghost
 26766 | Orc:1    | Found a roughly hewn altar of Beogh.
 26968 | Orc:2    | Found Xut Bijyi's General Store.
 26968 | Orc:2    | Found Anwopna's Weapon Shop.
 26982 | Orc:2    | Engulfed by a cloud of flame

Skill      XL: |  1  2  3  4  5  6  7  8  9 10 11 12 13 14 15 |
---------------+----------------------------------------------+-----
Conjurations   | 2 3 4 5 6 7 9 11 12 13 14 15 | 15.3
Fire Magic     | 4 5 6 7 8 10 11 12 13 14 15 | 15.5
Spellcasting   | 4 5 6 7 8 9 10 11 12 13 14 | 14.1
Hexes          | 3 4 |  4.0
Translocations | 3 4 |  4.0
Shields        | 2 3 4 |  4.0
Earth Magic    | 2 4 5 7 8 |  8.2
Evocations     | 3 5 |  5.1
Dodging        | 4 6 8 9 |  9.5
Fighting       | 2 4 5 6 |  6.2
Stealth        | |  2.4

Action                   |  1- 3 |  4- 6 |  7- 9 | 10-12 | 13-15 || total
-------------------------+-------+-------+-------+-------+-------++-------
Melee: Short sword       |    12 |    27 |    36 |    42 |    21 ||   138
       Staff             |       |       |       |       |     1 ||     1
 Cast: Flame Tongue      |    52 |    70 |   152 |   153 |       ||   427
       Sticky Flame      |       |     9 |    31 |    77 |   113 ||   230
       Conjure Flame     |       |     2 |    11 |     9 |     6 ||    28
       Inner Flame       |       |       |    10 |     8 |     6 ||    24
       Fireball          |       |       |     2 |    60 |   190 ||   252
       Blink             |       |       |     2 |     7 |    13 ||    22
       Throw Flame       |       |       |       |     4 |       ||     4
       Stone Arrow       |       |       |       |    75 |    61 ||   136
       Bolt of Magma     |       |       |       |       |   138 ||   138
Evoke: Wand              |       |       |     1 |     4 |     4 ||     9
       Lamp of fire      |       |       |       |       |     1 ||     1
       Crystal ball of e |       |       |       |       |     1 ||     1
  Use: Scroll            |       |     5 |     4 |     8 |    14 ||    31
       Potion            |       |       |     1 |     2 |     4 ||     7
 Stab: Sleeping          |     1 |     3 |       |       |       ||     4
       Paralysed         |       |       |       |     5 |       ||     5
  Eat: Chunk             |       |     7 |    16 |    26 |    50 ||    99
       Ration            |       |     1 |       |     1 |     1 ||     3
Armor: Robe              |     1 |    26 |    17 |    61 |    81 ||   186
       Skin              |       |       |     4 |       |       ||     4
Dodge: Dodged            |    10 |    55 |    84 |    99 |   238 ||   486
Block: Buckler           |       |       |       |     9 |    77 ||    86
